 Dungeon Crawl Stone Soup version 0.27-a0-906-g0a00ce863d (webtiles) character file.

Game seed: 6537548426159052459

11 Alarkh the Insei (level 2, 16/22 HPs)
             Began as a Demonspawn Gladiator on Apr 6, 2021.
             Got out of the dungeon alive.
             The game lasted 00:00:16 (242 turns).

Alarkh the Insei (Demonspawn Gladiator)              Turns: 242, Time: 00:00:17

Health: 16/22      AC:  4    Str: 14    XL:     2   Next: 13%
Magic:  2/2        EV: 12    Int:  9    God:
Gold:   16         SH:  0    Dex: 14    Spells: 1/1 levels left

rFire    . . .     SeeInvis .     - Unarmed
rCold    . . .     Faith    .   (no shield)
rNeg     . . .     Spirit   .   a - +0 leather armour
rPois    .         Reflect  .   b - +0 helmet
rElec    .         Harm     .   (no cloak)
rCorr    .         Rampage  .   (no gloves)
Will     .....                  (no boots)
Stlth    +.........             (no amulet)
HPRegen  0.07/turn              (no ring)
MPRegen  0.08/turn              (no ring)

@: no status effects
A: demonic magic 1
a: no special abilities


You escaped.
You visited 1 branch of the dungeon, and saw 1 of its levels.

You collected 16 gold pieces.

Inventory:

Missiles
 c - 3 throwing nets (quivered)
Armour
 a - a +0 leather armour (worn)
 b - a +0 helmet (worn)
Potions
 e - a potion of might


   Skills:
 + Level 2.2 Fighting
 - Level 1.7 Throwing
 - Level 2.6 Dodging
 * Level 3.1 Unarmed Combat


You had one spell level left.
You didn't know any spells.
Your spell library was empty.

Dungeon Overview and Level Annotations

Branches:
Dungeon (1/15)

Altars:


Innate Abilities, Weirdness & Mutations

Spells you cast may paralyse adjacent enemies.


Message History

The jackal closely misses you.
You closely miss the jackal.
The jackal is severely wounded.
The jackal completely misses you.
You punch the jackal!
You kill the jackal!
It was a potion of curing.
You feel better. The jackal misses you. The jackal closely misses you.
You hit the jackal.
The jackal is severely wounded.
The jackal bites you but does no damage.
You barely miss the jackal.
The jackal is severely wounded.
The jackal misses you.
You punch the jackal!
You kill the jackal!
The jackal bites you.
You have reached level 2!
Your demonic ancestry asserts itself...
A menacing aura infuses your magic.
You completely miss the jackal. The jackal misses you.
You punch the jackal!
You kill the jackal!
You hit the jackal but do no damage.
The jackal is almost dead.
The jackal completely misses you. The jackal closely misses you.
You punch the jackal!
You kill the jackal!
Things that are here:
a jackal corpse; a jackal corpse You now have 16 gold pieces.
You feel a little less mighty now.
You see here 23 stones.
Things that are here:
a jackal corpse; a jackal corpse; a jackal corpse You see here 21 arrows.
There is an open door here.
There is a staircase leading out of the dungeon here.
Are you sure you want to leave the Dungeon?
This will make you lose the game!
You have escaped!

#..#.†###.....
..#.....
##....#(...####
####.####
#.######.######
#.#
###≈≈≈≈#'#§≈°§##
#.#
#≈≈≈≈≈#.#°≈°§☼#
#.#
#≈≈#≈≈#.#≈☼#○°#
#.#
#≈°○≈≈#.#☼≈○○○#
#.#
#≈§☼§○#.#☼°§§☼#
#.#
#≈☼°☼☼#@#○§☼°☼#
#.####
#≈○§○≈#.#☼☼§☼○#
#..... #≈≈#° #.#
§#§°# ######
#≈≈≈≈≈#.#≈°○☼☼#
#≈≈≈≈≈#.#○§☼≈○#
≈≈≈#+#○≈○ ####
####


There were no monsters in sight!

Vanquished Creatures
  A hobgoblin (D:1)
  7 jackals (D:1)
8 creatures vanquished.

Notes
Turn   | Place    | Note
-------+----------+-------------------------------------------
     0 | D:1      | Alarkh the Demonspawn Gladiator began the quest for the
                  | Orb.
     0 | D:1      | Reached XP level 1. HP: 16/16 MP: 1/1
    83 | D:1      | Reached skill level 3 in Unarmed Combat
   166 | D:1      | Gained mutation: Spells you cast may paralyse adjacent
                  | enemies. [demonic ancestry]
   166 | D:1      | Reached XP level 2. HP: 11/22 MP: 2/2
   242 | D:$      | Got out of the dungeon alive.

Illustrated notes

Levels and vault maps discovered:
D:1:      saegor_arrival_miasma, layout_loops_ring, basic_ecumenical_altar

Skill      XL: |  1 |
---------------+----+-----
Unarmed Combat | 3 |  3.1
Fighting       | |  2.2
Throwing       | |  1.7
Dodging        | |  2.6

Action                   || total
-------------------------++-------
Melee: Unarmed           ||    44
  Use: Potion            ||     2
Armor: Leather armour    ||    10
Dodge: Dodged            ||    44

Table legend: (Time is in decaauts)
 A = Elapsed time spent in this place.
 B = Non-inter-level travel time spent in this place.
 C = Inter-level travel time spent in this place.
 D = Time resting spent in this place.
 E = Time spent auto-exploring this place.
 F = Levels seen in this place.
 G = Mean time per level.
                   A        B        C        D        E       F      G
               +--------+--------+--------+--------+--------+-----+--------+
         Total |    239 |    171 |     68 |      0 |    106 |   1 |  239.0 |
       Dungeon |    239 |    171 |     68 |      0 |    106 |   1 |  239.0 |
               +--------+--------+--------+--------+--------+-----+--------+

Top non-repeatable levels by time:
     D:1: 239 daAuts
